Match 41115599
Unlisted

Match 41115599
End
Construct Barracks
Selects Heavy Weapons
Riflemen Squad
Riflemen Squad
M1 Mortar Team
Mechanized Support Center
Grenade Package
Riflemen Squad
Selects Assault Carriers
Construct Motor Pool
M8 Greyhound Armored Car
Engineer Squad
Construct Weapon Support Center
M1 Anti-tank Gun Team
M1918 Browning Automatic Rifles
CAuMOH
BuckAndOx
el campo
MaXiS
0
0

Comments sign in to comment!

No comments posted yet!